 Dungeon Crawl Stone Soup version 0.18.1-50-g88ac8fd (webtiles) character file.

1044 loralnil the Covered (level 8, -17/70 HPs)
             Began as a Minotaur Fighter on Sept 18, 2016.
             Was an Initiate of Okawaru.
             Demolished by an orc warrior
             ... wielding a +0 glaive
              (24 damage)
             ... on level 7 of the Dungeon.
             The game lasted 00:09:44 (4711 turns).

loralnil the Covered (Minotaur Fighter)             Turns: 4711, Time: 00:09:45

Health: -17/70     AC: 10    Str: 24    XL:     8   Next: 4%
Magic:  7/7        EV: 16    Int:  3    God:    Okawaru [......]
Gold:   413        SH: 12    Dex: 21    Spells: 0 memorised, 7 levels left

rFire  + + +     SeeInvis .     a - +0 long sword
rCold  . . .     Gourm    .     b - +0 scale mail
rNeg   . . .     Faith    .     c - +0 shield
rPois  +         Spirit   .     (helmet restricted)
rElec  .         Dismiss  .     (no cloak)
rCorr  .         Reflect  .     y - +0 pair of gloves
SustAt .         Harm     .     A - +0 pair of boots
MR     .....                    (no amulet)
Stlth  ++........               (no ring)
                                w - ring "Nupoofuo" {Fragile rPois rF+++ Int-2 Dex+7}

@: agile, not resistant to hostile enchantments, unstealthy
A: retaliatory headbutt, horns 2
a: Renounce Religion


You were on level 7 of the Dungeon.
You worshipped Okawaru.
Okawaru was noncommittal.
You were not hungry.

You visited 2 branches of the dungeon, and saw 8 of its levels.
You also visited: Sewer.

You collected 413 gold pieces.

Inventory:

Hand Weapons
 a - a +0 long sword (weapon)
Armour
 b - a +0 scale mail (worn)
 c - a +0 shield (worn)
 y - a +0 pair of gloves (worn)
 A - a +0 pair of boots (worn)
Jewellery
 w - the ring "Nupoofuo" (left hand) {Fragile rPois rF+++ Int-2 Dex+7}
   (You found it on level 4 of the Dungeon)

   [ring of poison resistance]

   It affects your intelligence (-2).
   It affects your dexterity (+7).
   It renders you almost immune to fire.
   It protects you from poison.
   It will be destroyed if unequipped.
Scrolls
 g - 3 scrolls of amnesia {unknown}
 h - a scroll of immolation {unknown}
 i - 2 scrolls of recharging {unknown}
 j - 4 scrolls of remove curse
 k - 2 scrolls of enchant weapon {unknown}
 n - 2 scrolls of teleportation {unknown}
 o - a scroll of enchant armour {unknown}
 r - 2 scrolls of fear {unknown}
 s - 2 scrolls of random uselessness {unknown}
 v - a scroll of magic mapping {unknown}
Potions
 l - 2 potions of magic {unknown}
 p - 2 potions of lignification {unknown}
 q - a potion of flight {unknown}
 x - 5 potions of brilliance {unknown}
 z - a potion of cure mutation {unknown}
 B - 2 potions of degeneration {unknown}
Comestibles
 d - 3 chunks of flesh
 f - 5 bread rations
 t - 3 meat rations
 u - 2 fruits


   Skills:
 + Level 5.7 Fighting
 + Level 5.1 Long Blades
 + Level 6.6 Armour
 + Level 3.8 Dodging
 + Level 0.6 Stealth
 + Level 6.6 Shields


You had 7 spell levels left.
You didn't know any spells.

Dungeon Overview and Level Annotations

Branches:
Dungeon (7/15)             Temple (1/1) D:5

Altars:
Cheibriados
Elyvilon
Fedhas
Makhleb
Nemelex Xobeh
Okawaru
Pakellas
Ru
Trog
Yredelemnul

Portals:
Bailey: D:7

Annotations:
D:6 1 runed door


Innate Abilities, Weirdness & Mutations

You reflexively headbutt those who attack you in melee.
You have a pair of horns on your head.


Message History

* * * LOW HITPOINT WARNING * * *
You block the hound's attack.
Drink which item? (? for menu, Esc to quit)
You feel agile all of a sudden. The hound closely misses you.
You furiously retaliate!
You headbutt the hound. The orc warrior barely misses you.
The hound stops to sniff the ground.
You block the hound's attack.
You closely miss the hound.
The hound is lightly wounded.
The hound closely misses you. The orc warrior closely misses you.
You block the hound's attack.
You hit the hound. You headbutt the hound!
You kill the hound!
Okawaru accepts your kill. The orc warrior misses you.
You hit the orc warrior but do no damage.
The orc warrior is heavily wounded.
The orc warrior hits you with a glaive!!
You die...

#(# #.# #.#
#.# #.#
##.###.####
....h......#
###.###.##†#
...##@#
######o#
#o.......
.......).
#####..)∩)
#..). ....
###


You could see an orc warrior and an orc.

Vanquished Creatures
  Sigmund (D:5)
  Purgy (Sewer)
  A giant frog (D:7)
  A gnoll sergeant (D:4)
  2 orc priests (D:5)
  3 hounds
  2 jellies
  A giant frog skeleton (D:6)
  4 orc wizards
  An iguana (D:5)
  3 worker ants
  3 gnolls (D:4)
  A howler monkey skeleton (D:5)
  5 adders
  An ooze (D:2)
  An adder skeleton (D:4)
  7 worms
  2 dart slugs (D:1)
  5 giant geckos
  13 orcs
  12 bats
  5 giant cockroaches
  5 goblins
  9 hobgoblins
  2 jackals (Sewer)
  9 kobolds
  A quokka (D:4)
  2 ball pythons
  3 giant newts
  A jackal zombie (D:5)
  12 rats
119 creatures vanquished.

Vanquished Creatures (others)
  An orc (D:5)
1 creature vanquished.

Grand Total: 120 creatures vanquished

Notes
Turn   | Place    | Note
--------------------------------------------------------------
     0 | D:1      | loralnil the Minotaur Fighter began the quest for the Orb.
     0 | D:1      | Reached XP level 1. HP: 19/19 MP: 0/0
    91 | D:1      | Reached XP level 2. HP: 22/27 MP: 1/1
   753 | D:2      | Reached XP level 3. HP: 32/33 MP: 2/2
   807 | D:2      | Found a sacrificial altar of Ru.
  1115 | D:2      | Reached XP level 4. HP: 41/41 MP: 3/3
  1530 | D:2      | Reached skill level 1 in Dodging
  2413 | D:4      | Reached XP level 5. HP: 42/47 MP: 4/4
  2555 | D:4      | Found a bloodstained altar of Trog.
  2645 | D:4      | Got a slimy glass ring
  2646 | D:4      | Identified the ring "Nupoofuo" {Fragile rPois rF+++ Int-2 Dex+7} (You found it on level 4 of the Dungeon)
  2857 | D:4      | Reached skill level 5 in Shields
  2999 | D:5      | Entered Level 5 of the Dungeon
  2999 | D:5      | Found a basalt altar of Yredelemnul.
  3006 | D:4      | Reached skill level 5 in Armour
  3006 | D:4      | Reached XP level 6. HP: 55/55 MP: 5/5
  3032 | D:4      | Reached skill level 5 in Fighting
  3284 | D:5      | Found a bloodstained altar of Trog.
  3307 | D:5      | Noticed Sigmund
  3356 | D:5      | Killed Sigmund
  3356 | D:5      | Reached XP level 7. HP: 19/61 MP: 6/6
  3595 | D:5      | Found a staircase to the Ecumenical Temple.
  3609 | Temple   | Entered the Ecumenical Temple
  3645 | Temple   | Became a worshipper of Warmaster Okawaru
  4334 | D:6      | Found a white marble altar of Elyvilon.
  4334 | D:6      | Found a runed door.
  4334 | D:6      | Noticed an angel
  4474 | D:6      | Found a glowing drain.
  4493 | Sewer    | Entered a sewer
  4538 | Sewer    | Noticed Purgy
  4544 | Sewer    | Killed Purgy
  4544 | Sewer    | Reached skill level 5 in Long Blades
  4664 | D:7      | Reached XP level 8. HP: 67/70 MP: 7/7
  4698 | D:7      | Found a flagged portal.
  4711 | D:7      | Demolished by an orc warrior

Skill      XL: |  1  2  3  4  5  6  7 |
---------------+----------------------+-----
Armour         | 4 5 6 |  6.6
Fighting       | 4 5 |  5.7
Shields        | 4 5 6 |  6.6
Dodging        | 1 2 3 |  3.8
Long Blades    | 3 4 5 |  5.1
Stealth        | |  0.6

Action                   |  1- 3 |  4- 6 |  7- 9 || total
-------------------------+-------+-------+-------++-------
Melee: Long sword        |   103 |   181 |    77 ||   361
       Headbutt          |    16 |    28 |    19 ||    63
  Use: Scroll            |     4 |       |       ||     4
       Potion            |       |     3 |     3 ||     6
  Eat: Chunk             |     1 |     7 |     5 ||    13
Armor: Scale mail        |    42 |    89 |    25 ||   156
Dodge: Dodged            |    36 |    59 |    29 ||   124
Block: Shield            |    52 |   114 |    51 ||   217
